 Dungeon Crawl Stone Soup version 0.13-a0-2236-g7be3fc8 (webtiles) character file.

17472 4tharraofdagon the Thaumaturge (level 12, 0/81 HPs)
             Began as a Gargoyle Fire Elementalist on July 4, 2013.
             Was an Elder of Vehumet.
             Slain by a blink frog (10 damage)
             ... on Level 8 of the Lair of Beasts.
             The game lasted 00:40:49 (6858 turns).

4tharraofdagon the Thaumaturge (GrFE)               Turns: 6858, Time: 00:40:50

HP   0/81        AC  5     Str 12      XL: 12   Next: 36%
MP  10/32        EV 10     Int 24      God: Vehumet [****..]
Gold 445         SH  0     Dex 10      Spells:  4 memorised, 24 levels left

Res.Fire  : + . .   See Invis. : .   H - +1,+2 orc flail (crush)
Res.Cold  : . . .   Warding    : .   u - +3 leather armour of the Lost Path {rN+}
Life Prot.: + + .   Conserve   : .   (no shield)
Res.Poison: .       Res.Corr.  : .   B - -2 helmet
Res.Elec. : .       Clarity    : .   (no cloak)
Sust.Abil.: . .     Spirit.Shd : .   (no gloves)
Res.Mut.  : .       Stasis     : .   (no boots)
Res.Rott. : .       Flight     : .   (no amulet)
Saprovore : . . .                    J - +3 ring of intelligence
                                     O - ring of fire

@: mildly poisoned, somewhat resistant to hostile enchantments, fairly stealthy
A: fangs 1, talons 2, cold resistance 1, life protection 1, slow metabolism 1,
petrification resistance, trample resistance
a: Renounce Religion


You were on level 8 of the Lair of Beasts.
You worshipped Vehumet.
Vehumet was extremely pleased with you.
You were not hungry.

You visited 3 branches of the dungeon, and saw 18 of its levels.

You collected 425 gold pieces.

Inventory:

Hand weapons
 o - a +1,+2 elven dagger of protection (quivered)
 H - a +1,+2 orcish flail of crushing (weapon)
Missiles
 A - 7 javelins
Armour
 u - the +3 leather armour of the Lost Path (worn) {rN+}
   (You found it on level 3 of the Lair of Beasts)

   It protects you from negative energy.
 y - a +2 elven robe of cold resistance
 B - a -2 helmet (worn)
Magical devices
 k - a wand of draining (2)
 n - a wand of magic darts (0)
 p - a wand of fireball (5) {unknown}
 r - a wand of fire (15)
 C - a wand of frost (19)
 F - a wand of frost (17)
 N - a wand of disintegration (7)
 Q - a wand of slowing (12) {unknown}
Comestibles
 c - 4 bread rations
 i - 4 meat rations
 l - a chunk of adder flesh
 m - a chunk of adder flesh
 q - 6 chunks of elephant flesh
 E - a choko
 G - 2 bananas
 L - an apricot
Scrolls
 a - 2 scrolls of fog
 g - 2 scrolls of fear
 v - a scroll of enchant armour
 z - 3 scrolls of teleportation {unknown}
 D - a scroll of remove curse {unknown}
 K - 3 scrolls of blinking {unknown}
 P - a scroll of enchant weapon III
Jewellery
 f - an uncursed ring of ice
 h - an uncursed ring of wizardry
 s - an uncursed ring of invisibility
 I - an uncursed ring of life protection
 J - a +3 ring of intelligence (right hand)
 O - a ring of fire (left hand)
Potions
 d - a potion of heal wounds
 e - a potion of agility
 t - a potion of poison
 w - 2 potions of speed
 x - a potion of resistance
 R - a potion of flight
 V - a potion of restore abilities {unknown}
Books
 b - a book of Flames

   Spells                             Type                      Level
   *Flame Tongue                      Conjuration/Fire             1
   Throw Flame                        Conjuration/Fire             2
   *Conjure Flame                     Conjuration/Fire             3
   Inner Flame                        Hexes/Fire                   3
   *Sticky Flame                      Conjuration/Fire             4
   *Fireball                          Conjuration/Fire             5
 M - a book of Frost

   Spells                             Type                      Level
   Freeze                             Ice                          1
   Throw Frost                        Conjuration/Ice              2
   Ozocubu's Armour                   Charms/Ice                   3
   Throw Icicle                       Conjuration/Ice              4
   Summon Ice Beast                   Ice/Summoning                4
   Condensation Shield                Ice                          4


   Skills:
 - Level 1.7 Dodging
 - Level 2.1 Stealth
 * Level 13.2 Spellcasting
 + Level 11.2 Conjurations
 + Level 10.0 Fire Magic


You had 24 spell levels left.
You knew the following spells:

 Your Spells              Type           Power        Failure   Level  Hunger
a - Flame Tongue          Conj/Fire      #####        1%          1    None
b - Conjure Flame         Conj/Fire      #######.     1%          3    None
c - Sticky Flame          Conj/Fire      #######.     1%          4    None
d - Fireball              Conj/Fire      #######...   1%          5    ##.....


Dungeon Overview and Level Annotations

Branches:
Dungeon (9/27)             Temple (1/1) D:6             Orc (0/4) D:6
   Lair (8/8) D:9          Shoals (0/5) Lair:5        Slime (0/6) Lair:6
  Swamp: Lair:3-6     Snake: Lair:3-6    Spider: Lair:3-6

Altars:
Fedhas
Kikubaaqudgha
Nemelex Xobeh
Okawaru
Sif Muna
Vehumet
Xom
Yredelemnul
Zin

Shops:
D:6: }[ D:7: + D:9: (

Annotations
D:5 4tharraofdagon's ghost, average GrFE
D:8 BEE FARM
Lair:6 exclusion: oklob plant


Innate Abilities, Weirdness & Mutations

You have very sharp teeth.
You have razor-sharp toenails.
Your flesh is cold resistant.
You resist negative energy.
You have a slow metabolism.
You are immune to petrification.
You are resistant to trampling.


Message History

Confirm with . or Enter, or press ? or * to list all spells.
Aiming: Sticky Flame
Press: ? - help, Shift-Dir - straight line, f - blink frog
Aim: a blink frog You feel a surge of power!
The sticky flame hits the blink frog.
The blink frog is moderately wounded.
The blink frog is covered in liquid flames!
* * * LOW HITPOINT WARNING * * *
You feel sick.
The blink frog burns!
The blink frog blinks!
The blink frog closely misses you.
The blink frog is engulfed in roaring flames.
The blink frog hits you!
* * * LOW HITPOINT WARNING * * *
* * * LOW HITPOINT WARNING * * *
You feel sick.
You feel a little better.
The blink frog burns!
The blink frog is engulfed in roaring flames.
The blink frog hits you!
You die...

# .♣## ##.
....♣####♣...
..............
..........#
#....#.f
###..f.#
#....@.#
#....FF##
##...§..#
##..j§.###
##P.....##
###..j..##
##P....#
#.§.F.##
###....#


You could see 2 agate snails and 3 blink frogs.

Vanquished Creatures
  Fannar (Lair:1)
  A catoblepas (Lair:6)
  Erolcha (D:9)
  3 giant amoebae (Lair:6)
  Pikel (D:4)
  2 black mambas
  6 elephants (Lair:6)
  2 spiny frogs
  A mermaid (Lair:5)
  2 komodo dragons
  Prince Ribbit (Lair:1)
  A polar bear (Lair:5)
  3 blink frogs
  A basilisk (Lair:6)
  A brown ooze (Lair:6)
  2 hippogriffs
  11 yaks (D:9)
  Eustachio (D:6)
  2 vampire mosquitoes (D:9)
  Edmund (D:6)
  9 porcupines
  7 necrophages (Lair:5)
  The ghost of Kae the Chiller, an average DEIE of Vehumet (D:4)
  An ice beast (Lair:1)
  A sky beast (D:7)
  2 orc warriors (D:6)
  A phantom (D:9)
  A yellow wasp (D:9)
  3 ogres
  5 crocodiles
  6 giant slugs
  5 water moccasins
  5 agate snails
  11 giant frogs
  A killer bee (D:8)
  4 wights (D:9)
  2 crimson imps
  4 hounds
  A hound skeleton (D:3)
  2 orc priests (D:7)
  3 iguanas
  A worker ant (D:8)
  3 orc wizards
  2 scorpions
  6 sheep (Lair:4)
  Ijyb (D:3)
  12 adders
  2 giant centipedes
  3 giant mites
  39 green rats
  6 worms
  An ooze (D:5)
  5 orcs
  A ball python (D:3)
  3 bats
  8 goblins
  3 hobgoblins
  2 giant cockroaches
  3 giant geckos
  2 giant newts
  15 jackals
  6 kobolds
  11 quokkas
  A quokka zombie (D:5)
  13 rats
268 creatures vanquished.

Vanquished Creatures (others)
  A porcupine (Lair:6)
  2 slaves (D:4)
  A giant frog skeleton (D:4)
  4 rats
  A bush (D:9)
  2 fungi
  2 plants (D:9)
13 creatures vanquished.

Grand Total: 281 creatures vanquished

Notes
Turn   | Place    | Note
--------------------------------------------------------------
     0 | D:1      | 4tharraofdagon, the Gargoyle Fire Elementalist, began the quest for the Orb.
     0 | D:1      | Reached XP level 1. HP: 14/14 MP: 3/3
   197 | D:2      | Reached XP level 2. HP: 20/20 MP: 4/4
   234 | D:3      | Reached skill level 3 in Fire Magic
   391 | D:5      | Entered Level 5 of the Dungeon
   482 | D:5      | Found a radiant altar of Vehumet.
   493 | D:5      | Reached XP level 3. HP: 26/26 MP: 6/6
   500 | D:5      | Learned a level 3 spell: Conjure Flame
   508 | D:5      | Became a worshipper of Vehumet
   558 | D:5      | Reached XP level 4. HP: 29/33 MP: 4/8
   559 | D:5      | Noticed an ogre
   598 | D:5      | Killed an ogre
   598 | D:5      | Reached XP level 5. HP: 38/38 MP: 1/10
   623 | D:5      | Found a sparkling altar of Nemelex Xobeh.
   660 | D:5      | Noticed 4tharraofdagon's ghost (average GrFE)
   671 | D:4      | Noticed a slave
   759 | D:4      | Learned a level 4 spell: Sticky Flame
   764 | D:4      | Noticed a slave
   765 | D:4      | Noticed Pikel
   776 | D:4      | Noticed a slave
   776 | D:4      | Noticed a slave
   778 | D:4      | Killed Pikel
   778 | D:4      | Reached skill level 4 in Spellcasting
   778 | D:4      | Reached XP level 6. HP: 34/45 MP: 4/15
   778 | D:4      | Reached XP level 7. HP: 37/50 MP: 4/17
   859 | D:4      | Killed a freed slave
   927 | D:3      | Noticed Ijyb
   933 | D:3      | Killed Ijyb
   933 | D:3      | Reached skill level 5 in Spellcasting
  1014 | D:4      | Noticed an ogre
  1029 | D:4      | Killed a giant frog skeleton
  1032 | D:4      | Killed an ogre
  1085 | D:4      | Killed a freed slave
  1098 | D:4      | Noticed Kae's ghost (average DEIE)
  1116 | D:4      | Killed Kae's ghost
  1145 | D:3      | Acquired Vehumet's first power
  1145 | D:3      | Offered knowledge of Sting by Vehumet.
  1215 | D:5      | Reached XP level 8. HP: 47/57 MP: 14/19
  1231 | D:6      | Found an iron altar of Okawaru.
  1246 | D:6      | Found Bowat's Antique Armour Emporium.
  1284 | D:6      | Reached skill level 5 in Fire Magic
  1310 | D:6      | Learned a level 5 spell: Fireball
  1338 | D:6      | Found a staircase to the Ecumenical Temple.
  1349 | Temple   | Entered the Ecumenical Temple
  1369 | D:6      | Found Skueku Maets' Gadget Shop.
  1413 | D:6      | Found a staircase to the Orcish Mines.
  1432 | D:6      | Reached skill level 5 in Conjurations
  1494 | D:6      | Noticed Edmund
  1505 | D:6      | Killed Edmund
  1505 | D:6      | Reached skill level 6 in Spellcasting
  1597 | D:6      | Found a shimmering altar of Xom.
  1620 | D:6      | Noticed Eustachio
  1628 | D:6      | Killed Eustachio
  1782 | D:7      | Found Acaang's Book Shoppe.
  1920 | D:7      | Reached XP level 9. HP: 45/62 MP: 16/22
  2196 | D:8      | Offered knowledge of Shock by Vehumet.
  2367 | D:8      | Reached skill level 7 in Spellcasting
  2462 | D:9      | Found Zutat's Antique Weapon Shop.
  2723 | D:9      | Reached skill level 8 in Spellcasting
  2866 | D:9      | Found a staircase to the Lair.
  3089 | D:9      | Reached XP level 10. HP: 53/69 MP: 20/25
  3151 | D:9      | Noticed Erolcha
  3158 | D:9      | Killed Erolcha
  3237 | D:9      | Reached skill level 9 in Spellcasting
  3294 | D:9      | Offered knowledge of Static Discharge by Vehumet.
  3413 | Lair:1   | Entered Level 1 of the Lair of Beasts
  3554 | Lair:1   | Acquired Vehumet's second power
  3578 | Lair:1   | Reached skill level 10 in Spellcasting
  3685 | Lair:1   | Noticed Fannar
  3687 | Lair:1   | Noticed Prince Ribbit
  3694 | Lair:1   | Killed Prince Ribbit
  3721 | Lair:1   | Killed Fannar
  3721 | Lair:1   | Reached XP level 11. HP: 52/74 MP: 3/29
  3994 | Lair:2   | Offered knowledge of Airstrike by Vehumet.
  4138 | Lair:3   | Got a heavily runed leather armour
  4145 | Lair:3   | Identified the +3 leather armour of the Lost Path {rN+} (You found it on level 3 of the Lair of Beasts)
  4320 | Lair:4   | Reached skill level 11 in Spellcasting
  4348 | Lair:4   | Acquired Vehumet's third power
  4379 | Lair:4   | Offered knowledge of Venom Bolt by Vehumet.
  5207 | Lair:5   | Found a staircase to the Shoals.
  5246 | Lair:5   | Reached skill level 10 in Conjurations
  5412 | Lair:5   | Offered knowledge of Ignite Poison by Vehumet.
  5624 | Lair:5   | Reached skill level 12 in Spellcasting
  5992 | Lair:6   | Noticed a giant amoeba
  6006 | Lair:6   | Killed a giant amoeba
  6016 | Lair:6   | Found a staircase to the Slime Pits.
  6016 | Lair:6   | Noticed a giant amoeba
  6024 | Lair:6   | Killed a giant amoeba
  6024 | Lair:6   | Reached XP level 12. HP: 19/81 MP: 27/31
  6230 | Lair:6   | Noticed a giant amoeba
  6237 | Lair:6   | Killed a giant amoeba
  6282 | Lair:6   | Noticed a catoblepas
  6470 | Lair:6   | Killed a catoblepas
  6772 | Lair:6   | Reached skill level 13 in Spellcasting
  6772 | Lair:6   | Reached skill level 10 in Fire Magic
  6821 | Lair:8   | Entered Level 8 of the Lair of Beasts
  6838 | Lair:8   | Noticed a death yak
  6858 | Lair:8   | Slain by a blink frog

Action                   |  1- 3 |  4- 6 |  7- 9 | 10-12 || total
-------------------------+-------+-------+-------+-------++-------
Melee: Mace              |    10 |     1 |       |       ||    11
       Whip              |       |       |    12 |       ||    12
       Dire flail        |       |       |    41 |    53 ||    94
       Flail             |       |       |       |    80 ||    80
 Cast: Flame Tongue      |    29 |    10 |   103 |    97 ||   239
       Conjure Flame     |       |     3 |    13 |    60 ||    76
       Sticky Flame      |       |     1 |    31 |    88 ||   120
       Fireball          |       |       |     2 |    16 ||    18
Evoke: Wand              |    12 |     1 |     1 |     5 ||    19
  Use: Potion            |     1 |       |     3 |     3 ||     7
       Scroll            |       |       |       |    17 ||    17
